 Dungeon Crawl Stone Soup version 0.28-a0-1334-g1c9ffb4daf (webtiles) character file.

Game seed: 18025091939652047212

88 Grim the Cudgeller (level 4, 0/35 HPs)
             Began as a Formicid Fighter on Dec 28, 2021.
             Slain by an adder (2 damage)
             ... on level 2 of the Dungeon.
             The game lasted 00:01:21 (1384 turns).

Grim the Cudgeller (Formicid Fighter)               Turns: 1384, Time: 00:01:22

Health: 0/35       AC:  6    Str: 23    XL:     4   Next: 81%
Magic:  4/4        EV:  9    Int:  7    God:
Gold:   44         SH:  4    Dex: 10    Spells: 3/3 levels left

rFire   . . .      SeeInvis +   a - +0 flail
rCold   . . .      Faith    .   c - +0 buckler
rNeg    . . .      Spirit   .   b - +0 scale mail
rPois   .          Reflect  .   (helmet unavailable)
rElec   .          Harm     .   (no cloak)
rCorr   .          Rampage  .   (no gloves)
Will    .....                   (no boots)
Stlth   ..........              (no amulet)
HPRegen 0.11/turn               (no ring)
MPRegen 0.09/turn               (no ring)

@: no status effects
A: permanent stasis, dig shafts and tunnels, antennae 3, four strong arms
a: Dig, Shaft Self


You were on level 2 of the Dungeon.
You visited 1 branch of the dungeon, and saw 2 of its levels.

You collected 44 gold pieces.

Inventory:

Hand Weapons
 a - a +0 flail (weapon)
Armour
 b - a +0 scale mail (worn)
 c - a +0 buckler (worn)
Scrolls
 f - 2 scrolls of identify {unknown}
 g - 4 scrolls of vulnerability {unknown}
 h - 2 scrolls of teleportation {unknown}
 k - a scroll of fear {unknown}
Potions
 d - a potion of brilliance {unknown}
 e - a potion of attraction {unknown}
 i - a potion of experience {unknown}
 j - 2 potions of curing {unknown}


   Skills:
 - Level 3.2 Fighting
 + Level 4.6 Maces & Flails
 - Level 3.2 Armour
 - Level 3.6 Shields


You had 3 spell levels left.
You didn't know any spells.
Your spell library was empty.

Dungeon Overview and Level Annotations

Branches:
Dungeon (2/15)

Altars:


Innate Abilities, Weirdness & Mutations

You cannot be hasted, slowed, berserked, paralysed or teleported.
You can dig through walls and to a lower floor.
You have a pair of large antennae on your head. (SInv)
Your four strong arms can wield two-handed weapons with a shield.


Message History

You are poisoned.
The adder poisons you! The hobgoblin closely misses you.
You open the door.
You feel sick. The adder closely misses you. The hobgoblin barely misses you.
The adder bites you.
* * * LOW HITPOINT WARNING * * *
You are more poisoned.
The adder poisons you!
You feel very sick. The adder closely misses you.
There is an open door here.
You feel sick.
You closely miss the hobgoblin.
You feel sick.
The hobgoblin hits you but does no damage.
You closely miss the hobgoblin.
You feel sick. The hobgoblin hits you.
* * * LOW HITPOINT WARNING * * *
You hit the hobgoblin but do no damage.
You feel sick.
The hobgoblin hits you but does no damage.
The hobgoblin barely misses you.
You hit the hobgoblin but do no damage.
You feel sick.
The hobgoblin hits you but does no damage.
You hit the hobgoblin.
The hobgoblin is almost dead.
You feel sick.
The hobgoblin hits you but does no damage.
You barely miss the hobgoblin.
The hobgoblin is almost dead.
You feel sick.
You are no longer poisoned.
The hobgoblin closely misses you.
You closely miss the hobgoblin.
The hobgoblin is almost dead.
The hobgoblin barely misses you.
You sock the hobgoblin!
You kill the hobgoblin!
The adder bites you.
* * * LOW HITPOINT WARNING * * *
You barely miss the adder.
The adder is moderately wounded.
The adder closely misses you. The adder bites you.
You die...

##### #...# #
.####...###### ..
.............# ...
####.........###....
...........)........
.###....####........
.###....####........
..........@S........
..##....####........
. #....+ .....<...
..##..†)# .....#...
........+ ..........
###.###...#
......###+
....###...#######...
..........# ...
.###)...#######...


You could see an adder.

Vanquished Creatures
  A scorpion (D:2)
  A dart slug (D:1)
  3 endoplasms
  2 giant cockroaches
  2 goblins
  2 hobgoblins
  2 kobolds
  A quokka (D:1)
  4 ball pythons
  3 bats (D:1)
  2 frilled lizards (D:1)
  5 rats
28 creatures vanquished.

Notes
Turn   | Place    | Note
-------+----------+-------------------------------------------
     0 | D:1      | Grim the Formicid Fighter began the quest for the Orb.
     0 | D:1      | Reached XP level 1. HP: 18/18 MP: 1/1
   360 | D:1      | Reached XP level 2. HP: 21/24 MP: 2/2
   721 | D:1      | Reached skill level 3 in Maces & Flails
   963 | D:1      | Reached XP level 3. HP: 29/29 MP: 3/3
  1020 | D:2      | Noticed a scorpion
  1027 | D:2      | Killed a scorpion
  1028 | D:2      | Reached skill level 4 in Maces & Flails
  1028 | D:2      | Reached XP level 4. HP: 11/35 MP: 4/4
  1384 | D:2      | Slain by an adder

Illustrated notes

Levels and vault maps discovered:
D:1:      erik_arrival_triangle_small, layout_loops_corners,
          kennysheep_crisscross
D:2:      layout_basic, serial_shops, nicolae_shop_waterfront,
          nicolae_shop_crystal, shop, nicolae_shop_stone

Skill      XL: |  1  2  3 |
---------------+----------+-----
Maces & Flails | 3 4 |  4.6
Fighting       | |  3.2
Armour         | |  3.2
Shields        | |  3.6

Action                   |  1- 3 |  4- 6 || total
-------------------------+-------+-------++-------
Melee: Flail             |    56 |    28 ||    84
  Use: Potion            |     1 |       ||     1
Armor: Scale mail        |    26 |    13 ||    39
Dodge: Dodged            |    26 |    22 ||    48
Block: Buckler           |    16 |     6 ||    22

Table legend: (Time is in decaauts)
 A = Elapsed time spent in this place.
 B = Non-inter-level travel time spent in this place.
 C = Inter-level travel time spent in this place.
 D = Time resting spent in this place.
 E = Time spent auto-exploring this place.
 F = Levels seen in this place.
 G = Mean time per level.
                   A        B        C        D        E       F      G
               +--------+--------+--------+--------+--------+-----+--------+
         Total |   1403 |   1367 |     36 |    217 |    944 |   2 |  701.5 |
       Dungeon |   1403 |   1367 |     36 |    217 |    944 |   2 |  701.5 |
               +--------+--------+--------+--------+--------+-----+--------+

Top non-repeatable levels by time:
     D:1: 1033 daAuts
     D:2: 369 daAuts
